 Dungeon Crawl Stone Soup version 0.26-a0-752-gcff87cac9a (console) character file.

Game seed: 532486597058393006

531 jejorda2 the Stinger (level 7, -8/57 HPs)
             Began as a Grey Draconian Venom Mage on Nov 7, 2020.
             Mangled by an ice beast (14 damage)
             ... on level 4 of the Dungeon.
             The game lasted 00:15:14 (4878 turns).

jejorda2 the Stinger (Grey Draconian Venom Mage)    Turns: 4878, Time: 00:15:16

Health: -8/57      AC: 14    Str:  7 (10) XL:     7   Next: 3%
Magic:  12/12      EV: 12    Int: 22 (23) God:
Gold:   99         SH:  0    Dex: 11 (12) Spells: 7/13 levels left

rFire    . . .     SeeInvis .   e - +0 mace (curse)
rCold    . . .     Faith    +   (no shield)
rNeg     . . .     Spirit   .   (armour unavailable)
rPois    +         Reflect  .   (helmet restricted)
rElec    .         Harm     .   (no cloak)
rCorr    .         Rampage  .   (no gloves)
MR       .....                  w - +2 pair of boots
Stlth    ++........             f - amulet of faith
HPRegen  0.19/turn              d - ring of poison resistance
MPRegen  0.13/turn              y - +6 ring of intelligence (curse)

@: slowed, very slow
A: walk through water, unfitting armour, unbreathing, cold-blooded, AC +11
a: no special abilities


You were on level 4 of the Dungeon.
You visited 1 branch of the dungeon, and saw 5 of its levels.

You collected 99 gold pieces.

Inventory:

Hand Weapons
 e - a cursed +0 mace (weapon)
 t - a +1 dagger of holy wrath
 u - a +0 flail
 v - a +0 whip
Missiles
 a - 145 stones (quivered)
 j - 12 boomerangs
 A - 8 atropa-tipped darts
Armour
 w - a +2 pair of boots (worn)
Jewellery
 c - a +4 ring of protection
 d - a ring of poison resistance (left hand)
 f - an amulet of faith (around neck)
 s - an uncursed ring of protection from fire
 y - a cursed +6 ring of intelligence (right hand)
 B - an uncursed ring of fire {unknown}
Wands
 o - a wand of acid (5)
 q - a wand of digging (4)
 r - a wand of paralysis (3)
Scrolls
 h - a scroll of fog {unknown}
 i - 2 scrolls of noise {unknown}
 k - 3 scrolls of blinking {unknown}
 m - a scroll of remove curse {unknown}
 n - 5 scrolls of identify {unknown}
 p - 3 scrolls of teleportation {unknown}
 x - a scroll of magic mapping {unknown}
 z - a scroll of immolation {unknown}
Potions
 b - a potion of flight {unknown}
 g - 2 potions of mutation {unknown}
 l - 2 potions of curing {unknown}
 C - a potion of attraction {unknown}


   Skills:
 + Level 3.6 Fighting
 - Level 1.7 Dodging
 - Level 1.7 Stealth
 + Level 3.8 Spellcasting
 - Level 3.0 Conjurations
 - Level 1.0 Transmutations
 - Level 2.4 Air Magic
 + Level 4.0 Poison Magic


You had 7 spell levels left.
You knew the following spells:

 Your Spells              Type           Power        Failure   Level
a - Sting                 Tmut/Pois      ###.         4%          1
b - Poisonous Vapours     Pois/Air       ###...       4%          2
c - Mephitic Cloud        Conj/Pois/Air  ###.....     10%         3

Your spell library contained the following spells:

 Spells                   Type           Power        Failure   Level
 Ignite Poison            Fire/Tmut/Pois ##......     17%         3
 Olgreb's Toxic Radiance  Pois           ###.....     22%         4


Dungeon Overview and Level Annotations

Branches:
Dungeon (5/15)
 Temple: D:4-7

Altars:
Kikubaaqudgha


Innate Abilities, Weirdness & Mutations

You can walk through water.
Your dull iron-grey scales are very hard. (AC +11)
You cannot fit into any form of body armour.
You can survive without breathing.
You are cold-blooded and may be slowed by cold attacks.


Message History

The ice beast is heavily wounded.
The ice beast hits you. The ice beast freezes you!
You feel yourself slow down.
You are too injured to fight recklessly!
You are too injured to fight recklessly!
You are too injured to fight recklessly!
You are too injured to fight recklessly!
You hit the ice beast but do no damage.
The ice beast is heavily wounded.
You feel yourself speed up. The ice beast hits you. The ice beast freezes you!
* * * LOW HITPOINT WARNING * * *
The ice beast barely misses you.
The ice beast hits you but does no damage.
It was a potion of degeneration.
There was something very wrong with that liquid.
You feel weakened.
You feel dopey.
You feel clumsy. The ice beast hits you.
* * * LOW HITPOINT WARNING * * *
The ice beast freezes you!
You feel yourself slow down.
You die...

#..(.....####(.####
#.......## #.)...###
#.......######.##....
#...........##.######
##.....#####....## ##
#......# ####..####. #.###.##
##....... #.# #Y# ###..#..#..
#.# #@# ###......###.
##.###.# ##...#.#### #.
#..##<.###...[....# ##
#.###.###.........#
#######.##..#.<.#.......#
#..........##...#.......#
#..........##...#.......#####
#..........##................
#..........##...#.......####.


You could see an ice beast.

Vanquished Creatures
  2 ogres (D:4)
  A hound (D:4)
  An orc wizard (D:4)
  An orc priest (D:4)
  2 worker ants (D:4)
  3 gnolls (D:2)
  8 adders
  2 oozes
  An adder skeleton (D:4)
  3 worms
  4 dart slugs
  4 leopard geckos
  9 orcs
  2 ball pythons
  4 giant cockroaches
  13 goblins
  9 hobgoblins
  14 jackals
  8 kobolds
  2 quokkas
  9 bats
  4 frilled lizards
  A quokka skeleton (D:4)
  7 rats
114 creatures vanquished.

Vanquished Creatures (others)
  A plant (D:5)
1 creature vanquished.

Grand Total: 115 creatures vanquished

Notes
Turn   | Place    | Note
-------+----------+-------------------------------------------
     0 | D:1      | jejorda2 the Draconian Venom Mage began the quest for the
                  | Orb.
     0 | D:1      | Reached XP level 1. HP: 14/14 MP: 3/3
   174 | D:1      | Reached XP level 2. HP: 22/22 MP: 1/5
   209 | D:1      | Reached skill level 1 in Fighting
   330 | D:1      | Learned a level 2 spell: Poisonous Vapours
   565 | D:1      | Reached skill level 1 in Air Magic
   565 | D:1      | Reached XP level 3. HP: 28/28 MP: 2/6
  1293 | D:2      | Found an ancient bone altar of Kikubaaqudgha.
  1396 | D:2      | Reached XP level 4. HP: 36/36 MP: 2/8
  1401 | D:2      | Learned a level 3 spell: Mephitic Cloud
  2316 | D:3      | Paralysed by an orc for 6 turns
  2338 | D:3      | Reached skill level 1 in Conjurations
  2692 | D:3      | Reached XP level 5. HP: 42/42 MP: 4/9
  3977 | D:4      | Noticed an ogre
  3983 | D:4      | Killed an ogre
  3983 | D:4      | Reached XP level 6. HP: 50/50 MP: 1/11
  4503 | D:4      | Reached skill level 4 in Poison Magic
  4508 | D:4      | Your scales start taking on a dull iron-grey colour.
  4508 | D:4      | Reached XP level 7. HP: 38/57 MP: 7/12
  4508 | D:4      | Gained mutation: You can survive without breathing. [Grey
                  | Draconian growth]
  4828 | D:5      | Entered Level 5 of the Dungeon
  4878 | D:4      | Mangled by an ice beast

Illustrated notes

Levels and vault maps discovered:
D:1:      matt_arrival_diagonals, layout_basic
D:2:      layout_basic, kiku_gazebo_pond_becter
D:3:      minmay_skewed_foursquare, layout_loops_ring, grunt_ministairs_4
D:4:      layout_rooms
D:5:      layout_cave_pools, kennysheep_mini, serial_bayou, serial_bayou_pond_e,
          serial_bayou_pond_c, serial_bayou_lagoon_b, serial_bayou_lagoon_a,
          serial_shops, shop

Skill      XL: |  1  2  3  4  5  6 |
---------------+-------------------+-----
Fighting       | 1 2 3 |  3.6
Air Magic      | 1 2 3 2 |  2.4
Conjurations   | 1 2 3 |  3.0
Spellcasting   | 3 |  3.8
Poison Magic   | 4 |  4.0
Dodging        | |  1.7
Stealth        | |  1.7
Transmutations | |  1.0

Action                   |  1- 3 |  4- 6 |  7- 9 || total
-------------------------+-------+-------+-------++-------
Melee: Hand axe          |     8 |       |       ||     8
       Mace              |    26 |   140 |    21 ||   187
       Tailslap          |     2 |     9 |     3 ||    14
 Cast: Sting             |    61 |    81 |     1 ||   143
       Poisonous Vapours |       |    26 |       ||    26
       Mephitic Cloud    |       |     1 |       ||     1
  Use: Potion            |       |       |     1 ||     1
 Stab: Sleeping          |     1 |       |     1 ||     2
       Confused          |       |     1 |       ||     1
Armor: Skin              |    16 |    77 |    13 ||   106
Dodge: Dodged            |    21 |   126 |    18 ||   165

Table legend: (Time is in decaauts)
 A = Elapsed time spent in this place.
 B = Non-inter-level travel time spent in this place.
 C = Inter-level travel time spent in this place.
 D = Time resting spent in this place.
 E = Time spent auto-exploring this place.
 F = Levels seen in this place.
 G = Mean time per level.
                   A        B        C        D        E       F      G
               +--------+--------+--------+--------+--------+-----+--------+
         Total |   4952 |   4760 |    192 |     50 |   3707 |   5 |  990.4 |
       Dungeon |   4952 |   4760 |    192 |     50 |   3707 |   5 |  990.4 |
               +--------+--------+--------+--------+--------+-----+--------+

Top non-repeatable levels by time:
     D:2: 1424 daAuts
     D:3: 1230 daAuts
     D:4: 1215 daAuts
     D:1: 1068 daAuts
     D:5: 14 daAuts
